Map: Ephemeron LE

Players

Tempesta

  • Race: Terran Terran
  • League: Platinum
  • Spawn Location: 5:00

pHARM - Winner!

  • Race: Zerg Zerg
  • League: Platinum
  • Spawn Location: 11:00

VOD

Have the link to the VOD?

Description

Time

  • Played on: Sept. 7, 2019, 1:38 p.m.
  • Length: 18:50
Show
View Real Time Build Order
Export as new Build Order

Tempesta Terran 

Build Orders:  

Get SALT Encoding   

  12  0:07  SCV  
  13  0:19  SCV  
  14  0:25  Supply Depot  
  14  0:31  SCV  
  15  0:49  Barracks  
  15  0:50  SCV  
  16  1:02  SCV  
  17  1:14  SCV  
  17  1:18  Command Center  
  18  1:27  SCV  
  19  1:38  Marine, Supply Depot  
  20  1:41  SCV  
  21  1:49  Engineering Bay  
  21  1:55  SCV  
  21  1:58  Marine  
  23  2:10  SCV  
  24  2:22  SCV  
  25  2:25  Command Center  
  25  2:36  Orbital Command  
  25  2:40  Barracks  
  25  2:48  Marine  
  26  3:06  Marine  
  27  3:13  Barracks x2  
  27  3:24  SCV x2  
  29  3:32  Marine x2  
  31  3:36  SCV  
  31  3:37  SCV  
  31  3:41  Bunker  
  33  3:45  Missile Turret  
  33  3:48  SCV  
  33  3:49  SCV  
  35  3:57  Refinery  
  35  3:59  Refinery  
  35  4:00  SCV  
  35  4:01  SCV  
  37  4:12  SCV  
  38  4:21  Marine x4  
  42  4:28  SCV  
  43  4:31  Orbital Command  
  43  4:37  SCV  
  44  4:39  Marine x4  
  44  4:40  SCV  
  49  4:46  Barracks  
  49  4:50  Barracks, SCV  
  49  4:52  SCV  
  51  4:54  Terran Infantry Armor Level 1  
  51  4:57  Marine  
  52  5:02  SCV  
  52  5:03  Refinery x2  
  52  5:04  SCV  
  54  5:14  Planetary Fortress  
  54  5:18  Bunker  
  54  5:21  Marine x3  
  54  5:22  Marine  
  58  5:35  Supply Depot  
  58  5:38  Supply Depot  
  58  5:39  Marine  
  59  5:45  Marine x2  
  61  5:56  Marine x2  
  63  5:58  Supply Depot  
  63  6:02  Supply Depot  
  63  6:08  Marine x3  
  63  6:09  Marine  
  67  6:14  Marine x2, Factory  
  63  6:26  Marine x2  
  65  6:32  Supply Depot  
  65  6:35  Supply Depot  
  65  6:36  Barracks Tech Lab  
  65  6:41  Barracks Reactor  
  65  6:42  Marine  
  65  6:44  Marine x2  
  65  6:46  SCV x3  
  71  6:56  Supply Depot  
  71  6:58  SCV x3  
  71  6:59  Supply Depot  
  71  7:00  Marine  
  75  7:01  Terran Infantry Weapons Level 1  
  75  7:02  Marine x2  
  77  7:10  SCV x3  
  80  7:18  Marine  
  80  7:19  Marine  
  80  7:20  Marine  
  80  7:22  SCV  
  84  7:23  SCV x2  
  84  7:27  Factory Tech Lab  
  86  7:34  SCV  
  86  7:35  Marine  
  88  7:37  Marine  
  88  7:40  Marine  
  88  7:41  Marine x4  
  88  7:43  Factory  
  94  7:48  Supply Depot x2  
  94  7:51  SCV x3  
  95  7:53  Marine  
  95  7:55  Marine  
  99  7:58  Marine  
  99  7:59  Marine x4  
  99  8:04  Siege Tank  
  107  8:11  Marine, Supply Depot x2  
  108  8:13  Marine  
  108  8:16  Marine  
  108  8:17  SCV x3, Starport  
  108  8:18  Starport  
  113  8:27  Factory  
  113  8:29  SCV  
  113  8:30  Missile Turret  
  114  8:34  Refinery  
  114  8:36  Siege Tank, Refinery  
  117  8:47  Factory Tech Lab  
  117  8:52  Missile Turret  
  117  8:57  SCV x3  
  120  9:08  Siege Tank  
  120  9:09  SCV x2  
  125  9:11  Supply Depot  
  125  9:12  Factory  
  125  9:13  Factory Tech Lab, Supply Depot  
  125  9:15  Siege Tank  
  128  9:36  Siege Tank, Supply Depot  
  128  9:37  Supply Depot  
  131  9:47  Siege Tank  
  131  9:50  Sensor Tower  
  134  10:05  Factory Tech Lab  
  134  10:08  Siege Tank  
  134  10:11  Command Center, Stimpack  
  134  10:14  Command Center  
  137  10:17  Sensor Tower  
  137  10:19  Siege Tank  
  140  10:31  Siege Tank x2  
  146  10:40  Siege Tank  
  149  10:47  Starport Tech Lab x2  
  149  10:49  Sensor Tower  
  149  10:51  Siege Tank  
  152  11:03  Siege Tank  
  155  11:26  Siege Tank x3  
  87  11:58  Siege Tank x2  
  87  11:59  Siege Tank  
  95  12:09  Marine x2  
  95  12:10  Marine x5  
  102  12:26  Planetary Fortress  
  102  12:27  Marine x7  
  109  12:30  Siege Tank x2  
  109  12:31  Siege Tank  
  118  12:37  Banshee x2  
  124  12:45  Marine x7  
  131  13:02  Marine, Command Center, Siege Tank  
  131  13:03  Marine x6, Siege Tank x2  
  147  13:20  Marine, Banshee x2  
  147  13:21  Marine x6  
  160  13:35  Siege Tank  
  160  13:39  Marine x5  
  168  13:46  Refinery  
  168  13:47  Command Center  
  168  13:51  Refinery  
  168  14:03  Banshee x2  
  168  14:06  Marine  
  168  14:07  Marine x6  
  181  14:24  Marine x5  
  145  14:25  Marine x2  
  114  14:38  Starport x2  
  114  14:41  Starport  
  114  14:42  Marine x5  
  114  14:43  Marine  
  114  14:44  Fusion Core  
  120  14:46  Banshee  
  123  15:23  Starport Tech Lab  
  123  15:29  Starport Tech Lab  
  123  15:33  Starport Tech Lab  
  135  15:35  Battlecruiser x2  
  126  16:06  Battlecruiser x3  
  144  16:39  Battlecruiser  
  156  16:40  Battlecruiser  
  116  17:10  Battlecruiser x3  
  133  17:44  Battlecruiser x2  
Show
View Real Time Build Order
Export as new Build Order

pHARM Zerg - Winner!

Build Orders: Hatch First 

Get SALT Encoding   

  12  0:01  Drone  
  13  0:14  Overlord  
  13  0:27  Drone  
  14  0:33  Drone x2  
  16  0:51  Hatchery  
  16  0:55  Drone  
  16  0:58  Drone  
  16  1:02  Drone  
  18  1:20  Spawning Pool  
  18  1:22  Drone x2  
  19  1:36  Drone  
  19  1:39  Extractor  
  19  1:43  Drone  
  20  2:07  Queen x2  
  24  2:09  Zergling x4, Drone  
  24  2:15  Overlord  
  27  2:24  Drone  
  27  2:27  Overlord x2  
  28  2:36  Drone  
  28  2:37  Drone  
  30  2:44  Queen  
  30  2:48  Queen  
  34  2:52  Metabolic Boost  
  34  2:58  Drone x2  
  36  3:06  Drone x2  
  38  3:24  Hatchery  
  38  3:25  Pneumatized Carapace  
  37  3:32  Drone x4  
  41  3:45  Baneling Nest  
  41  3:46  Evolution Chamber  
  39  3:48  Drone  
  39  3:49  Drone x3  
  43  4:08  Evolution Chamber, Drone  
  43  4:09  Overlord, Drone  
  44  4:10  Overlord x2  
  44  4:12  Extractor  
  44  4:14  Extractor  
  44  4:15  Zerg Melee Weapons Level 1  
  42  4:32  Zergling x14  
  42  4:33  Zergling x4  
  51  4:53  Drone x5  
  51  4:55  Lair  
  55  5:17  Baneling x6  
  55  5:19  Zergling x18  
  64  5:55  Centrifical Hooks  
  45  6:28  Drone  
  45  6:29  Drone x19  
  65  6:36  Extractor  
  65  6:39  Hydralisk Den  
  63  6:41  Infestation Pit  
  62  6:48  Zergling x2  
  62  6:49  Zergling x16  
  71  7:02  Zergling x6  
  74  7:09  Zerg Melee Weapons Level 2  
  74  7:10  Zerg Ground Armor Level 1  
  74  7:12  Baneling  
  74  7:13  Baneling x10  
  74  7:21  Overlord x4  
  74  7:32  Grooved Spines  
  74  7:54  Extractor  
  74  7:55  Drone x4  
  74  7:56  Extractor, Drone x2  
  74  7:57  Drone x2  
  80  7:59  Zergling x4  
  80  8:00  Zergling x16  
  90  8:08  Hive  
  90  8:14  Spire  
  89  8:54  Drone  
  90  8:57  Hydralisk, Overlord x2  
  90  8:58  Hydralisk x7  
  90  9:00  Overlord  
  90  9:01  Overlord x9  
  106  9:03  Hatchery  
  106  9:08  Drone  
  106  9:40  Ultralisk Cavern  
  106  9:41  Adrenal Glands  
  105  9:45  Zergling x2  
  105  9:46  Zergling x34  
  105  9:52  Zerg Melee Weapons Level 3, Zerg Ground Armor Level 2  
  123  10:39  Greater Spire  
  123  10:40  Chitinous Plating  
  123  10:47  Ultralisk  
  123  10:48  Ultralisk x3  
  147  10:50  Zergling x28  
  147  10:51  Zergling x10  
  166  10:58  Drone  
  166  10:59  Drone x3  
  166  11:03  Zergling x12  
  176  11:20  Baneling x7  
  176  11:21  Baneling x12  
  124  11:57  Ultralisk  
  124  11:58  Zergling x2, Ultralisk x3  
  124  11:59  Zergling x48  
  124  12:00  Zergling x4  
  174  12:04  Baneling x5  
  174  12:05  Baneling  
  174  12:19  Zerg Flyer Armor Level 1  
  171  12:42  Extractor  
  170  12:47  Hydralisk x11, Extractor  
  191  12:53  Muscular Augments  
  191  13:14  Zerg Ground Armor Level 3  
  179  13:26  Hatchery  
  121  14:36  Corruptor  
  121  14:37  Corruptor x17  
  157  14:44  Drone  
  157  14:45  Drone x21  
  178  14:52  Zerg Flyer Armor Level 2  
  179  15:14  Extractor  
  179  15:18  Extractor  
  177  15:40  Brood Lord x6  
  177  15:41  Brood Lord x2  
  193  15:44  Zergling x2  
  193  15:45  Zergling x10  
  199  16:26  Overseer  
  199  16:39  Spore Crawler  
  198  16:41  Spore Crawler  
  184  17:09  Baneling x8  
  184  17:10  Baneling x2  
  184  17:11  Zergling x24  
  184  17:12  Zergling x6  
  199  17:57  Hatchery  
  198  18:04  Extractor x2  
Tags
 
Matchup
TvZ
Replay Pack
10.7.19
Spawn Locations
Cross Positions
Add a new tag
Caveats
  • Supply blocks, unpowered buildings, or Contaminate may cause inaccurate times.
  • Supply counts are checked every 10 seconds.